 Dungeon Crawl Stone Soup version 0.18.1-50-g88ac8fd (webtiles) character file.

148 Chiseanne the Sneak (level 5, -1/27 HPs)
             Began as a Spriggan Assassin on Mar 28, 2017.
             Slain by an adder (3 damage)
             ... on level 3 of the Dungeon.
             The game lasted 00:07:54 (2715 turns).

Chiseanne the Sneak (Spriggan Assassin)             Turns: 2715, Time: 00:07:54

Health: -1/27      AC:  3    Str:  7    XL:     5   Next: 8%
Magic:  6/6        EV: 20    Int: 12    God:
Gold:   115        SH:  0    Dex: 19    Spells: 0 memorised, 4 levels left

rFire  . . .     SeeInvis +     a - +2 dagger
rCold  . . .     Gourm    .     c - +0 robe
rNeg   . . .     Faith    .     (shield restricted)
rPois  .         Spirit   .     (helmet restricted)
rElec  .         Dismiss  .     d - +0 cloak
rCorr  .         Reflect  .     (gloves unavailable)
SustAt .         Harm     .     (boots unavailable)
MR     .....                    (no amulet)
Stlth  ++++......               (no ring)
                                (no ring)

@: hasted, very quick, not resistant to hostile enchantments, stealthy
A: unfitting armour, see invisible, herbivore 3, speed 3, slow metabolism 2
a: no special abilities


You were on level 3 of the Dungeon.
You were not hungry.

You visited 1 branch of the dungeon, and saw 3 of its levels.

You collected 115 gold pieces.

Inventory:

Hand Weapons
 a - a +2 dagger (weapon)
 b - a +1 dagger of holy wrath
 w - a +0 blowgun
Missiles
 e - 19 bolts
 h - 87 stones (quivered)
 n - 3 tomahawks
 o - 5 needles of frenzy
 p - 33 sling bullets
 r - 24 arrows
Armour
 c - a +0 robe (worn)
 d - a +0 cloak (worn)
Jewellery
 s - a +5 ring of strength {unknown}
 t - an uncursed ring of resist corrosion {unknown}
Scrolls
 k - 2 scrolls of recharging
 q - 2 scrolls of amnesia {unknown}
Potions
 i - a potion of flight
 l - a potion of resistance {unknown}
 m - a potion of curing {unknown}
Comestibles
 g - 3 bread rations


   Skills:
 + Level 2.5 Fighting
 - Level 2.1 Short Blades
 * Level 2.1 Throwing
 * Level 4.4 Dodging
 * Level 7.4 Stealth


You had 4 spell levels left.
You didn't know any spells.

Dungeon Overview and Level Annotations

Branches:
Dungeon (3/15)

Altars:

Annotations:
D:3 ciphuk's ghost, amateur MfMo


Innate Abilities, Weirdness & Mutations

You are tiny and cannot use many weapons and most armour.
You have supernaturally acute eyesight.
You are a herbivore.
You cover ground extremely quickly.
You need consume almost no food.


Message History

The needle of frenzy barely misses the adder.
The gnoll misses you. The gnoll closely misses you.
Firing (i - inventory. (,) - cycle):
o - 6 needles of frenzy (quivered)
Press: ? - help, Shift-Dir - straight line, f/p - adder
Aim: an adder You shoot a needle of frenzy.
The needle of frenzy closely misses the adder.
The gnoll hits you with a spear! The adder bites you but does no damage.
The gnoll refuses to make way for you. (Use ctrl+direction to attack.) Unknown command.
Unknown command.
Wield which item (- for none, * to show all)? (? for menu, Esc to quit)
a - a +2 dagger (weapon)
The gnoll completely misses you.
Drink which item? (? for menu, Esc to quit)
It was a potion of haste.
You feel yourself speed up. The adder closely misses you.
The gnoll hits you with a spear!
* * * LOW HITPOINT WARNING * * *
The adder bites you.
You die...

###.###).#.#.################
.## #......#..........†.....#
###.#......################.#
...........###### ### #†#
###.#............ ..# #.#
#.#.....####### #.# #.# #
#.....## #.# #.#
#......#.#######.######.#
#..#...#(..S@g........#.#
.....#...#.#######.####.#.#
###.#.##...# #.# #.#.#
....#.##...# #.# #.#.#
#...#.##...# #.# #.#.#
#...#.##.###.## #.# #.#.##
................ ..# #.#..#
#####.<#.###.### ### #.##.#
##.....#.# #.##.#


You could see an adder and a neutral gnoll (insane).

Vanquished Creatures
  Robin (D:2)
  5 adders
  A gnoll (D:3)
  An ooze (D:2)
  A dart slug (D:2)
  A giant gecko (D:3)
  4 orcs (D:3)
  9 bats
  3 giant cockroaches
  12 goblins
  7 hobgoblins
  7 jackals
  4 quokkas
  5 giant newts
  5 kobolds
  2 rats (D:3)
68 creatures vanquished.

Notes
Turn   | Place    | Note
--------------------------------------------------------------
     0 | D:1      | Chiseanne the Spriggan Assassin began the quest for the Orb.
     0 | D:1      | Reached XP level 1. HP: 10/10 MP: 2/2
    70 | D:1      | Reached skill level 6 in Stealth
   487 | D:2      | Reached XP level 2. HP: 15/15 MP: 3/3
   945 | D:2      | Reached XP level 3. HP: 18/18 MP: 4/4
  1186 | D:2      | Noticed Robin
  1261 | D:2      | Killed Robin
  1261 | D:2      | Reached skill level 7 in Stealth
  1364 | D:2      | Reached XP level 4. HP: 23/23 MP: 5/5
  1917 | D:3      | Noticed ciphuk's ghost (amateur MfMo)
  2605 | D:3      | Reached XP level 5. HP: 27/27 MP: 6/6
  2715 | D:3      | Slain by an adder

Skill      XL: |  1  2  3  4 |
---------------+-------------+-----
Stealth        | 6 7 |  7.4
Dodging        | 2 3 4 |  4.4
Fighting       | 2 |  2.5
Short Blades   | |  2.1
Throwing       | |  2.1

Action                   |  1- 3 |  4- 6 || total
-------------------------+-------+-------++-------
Melee: Dagger            |    87 |   129 ||   216
 Fire: Blowgun           |    24 |    20 ||    44
Throw: Stone             |       |     7 ||     7
  Use: Scroll            |     1 |     3 ||     4
       Potion            |       |     1 ||     1
 Stab: Sleeping          |     9 |     8 ||    17
       Distracted        |       |     1 ||     1
Armor: Robe              |     8 |    13 ||    21
Dodge: Dodged            |    56 |   120 ||   176
